 Dungeon Crawl Stone Soup version 0.21-a0-94-gdd6ab6a (webtiles) character file.

137 Musica the Firebug (level 5, -5/28 HPs)
             Began as a Deep Elf Fire Elementalist on July 3, 2017.
             Killed from afar by an orc wizard (8 damage)
             ... with a puff of flame
             ... on level 3 of the Dungeon.
             The game lasted 00:12:13 (2274 turns).

Musica the Firebug (Deep Elf Fire Elementalist)     Turns: 2274, Time: 00:12:13

Health: -5/28      AC:  3    Str:  5    XL:     5   Next: 0%
Magic:  4/13       EV: 13    Int: 21    God:
Gold:   84         SH:  0    Dex: 15    Spells: 7/13 levels left

rFire    . . .     SeeInvis .   m - +0 dagger
rCold    . . .     Gourm    .   (no shield)
rNeg     . . .     Faith    .   a - +0 robe
rPois    .         Spirit   .   (no helmet)
rElec    .         Reflect  .   (no cloak)
rCorr    .         Harm     .   (no gloves)
MR       .....                  k - +0 pair of boots
Stlth    ++........             (no amulet)
HPRegen  0.09/turn              (no ring)
MPRegen  0.13/turn              (no ring)

@: no status effects
A: no striking features
a: no special abilities


You were on level 3 of the Dungeon.
You were hungry.

You visited 1 branch of the dungeon, and saw 4 of its levels.

You collected 84 gold pieces.

Inventory:

Hand Weapons
 f - a +0 spear
 m - a +0 dagger (weapon)
Missiles
 e - 9 poisoned needles
 o - 23 bolts
 q - 40 arrows
Armour
 a - a +0 robe (worn)
 k - a +0 pair of boots (worn)
Scrolls
 h - a scroll of identify
 i - 2 scrolls of remove curse {unknown}
Potions
 g - a potion of curing
 j - a potion of heal wounds {unknown}
Books
 b - a book of Flames

   Spells                             Type                      Level
   a - Flame Tongue                   Conjuration/Fire             1
   b - Throw Flame                    Conjuration/Fire             2
   c - Conjure Flame                  Conjuration/Fire             3
   d - Inner Flame                    Hexes/Fire                   3
   e - Sticky Flame                   Conjuration/Fire             4
   f - Fireball                       Conjuration/Fire             5
Comestibles
 c - 4 bread rations
 d - 2 royal jellies


   Skills:
 - Level 2.4 Dodging
 - Level 2.4 Stealth
 + Level 4.5 Spellcasting
 * Level 2.9 Conjurations
 + Level 4.7 Fire Magic


You had 7 spell levels left.
You knew the following spells:

 Your Spells              Type           Power        Failure   Level  Hunger
a - Flame Tongue          Conj/Fire      ###..        2%          1    None
b - Throw Flame           Conj/Fire      ###...       3%          2    #......
c - Conjure Flame         Conj/Fire      ###.....     7%          3    ##.....


Dungeon Overview and Level Annotations

Branches:
Dungeon (4/15)
 Temple: D:4-7

Altars:
Nemelex Xobeh
Zin


Message History

Deactivating autopickup; reactivate with Ctrl-A.
Casting: Flame Tongue
Confirm with . or Enter, or press ? or * to list all spells.
Aiming: Flame Tongue
Press: ? - help, Shift-Dir - straight line, f - orc
Aim: an orc, wielding a club and wearing a ring mail (severely wounded)
The flame tongue hits the orc.
You kill the orc!
You have reached level 5!
You hear some strange, mumbled words.
A puff of frost appears from out of thin air!
The puff of frost hits you!
A magic dart appears from out of thin air!
The magic dart hits you!
* * * LOW HITPOINT WARNING * * *
There is a stone staircase leading down here.
You hear some strange, mumbled words.
A puff of flame appears from out of thin air!
The puff of flame hits you!
You die...

##. .# ## .## ..# #.#
.######### #.# .......@.# #.#
########.####.#
#################...##.######..
..................(oo.)o...)...
#######################oo......
##....... ######.


You could see 2 orcs.

Vanquished Creatures
  An orc wizard (D:3)
  3 adders (D:2)
  4 worms
  2 dart slugs (D:2)
  A leopard gecko (D:2)
  5 orcs
  2 giant cockroaches (D:2)
  5 hobgoblins
  6 jackals
  A quokka (D:3)
  A ball python (D:1)
  9 bats
  6 frilled lizards
  5 goblins
  9 kobolds
  2 rats (D:1)
62 creatures vanquished.

Notes
Turn   | Place    | Note
-------+----------+-------------------------------------------
     0 | D:1      | Musica the Deep Elf Fire Elementalist began the quest for the Orb.
     0 | D:1      | Reached XP level 1. HP: 10/10 MP: 6/6
   273 | D:1      | Reached XP level 2. HP: 7/15 MP: 2/8
   479 | D:1      | Learned a level 2 spell: Throw Flame
  1128 | D:2      | Reached XP level 3. HP: 12/19 MP: 3/10
  1133 | D:2      | Learned a level 3 spell: Conjure Flame
  1488 | D:3      | Found a sparkling altar of Nemelex Xobeh.
  1559 | D:2      | Reached XP level 4. HP: 24/24 MP: 2/12
  2096 | D:3      | Found a glowing silver altar of Zin.
  2269 | D:3      | Reached XP level 5. HP: 21/28 MP: 3/13
  2274 | D:3      | Killed from afar by an orc wizard

Vault maps used:
D:1:      saegor_arrival_simple_f
D:3:      grunt_temple_overflow_open
D:4:      fedhas_altar_4, hangedman_decor_push, uniq_sigmund, uniq_natasha,
          uniq_robin

Skill      XL: |  1  2  3 |
---------------+----------+-----
Fire Magic     | 4 |  4.7
Conjurations   | 2 |  2.9
Spellcasting   | 4 |  4.5
Dodging        | |  2.4
Stealth        | |  2.4

Action                   |  1- 3 |  4- 6 || total
-------------------------+-------+-------++-------
Melee: Dagger            |     9 |     9 ||    18
       Spear             |     4 |    10 ||    14
 Cast: Flame Tongue      |    66 |    44 ||   110
       Throw Flame       |     3 |     4 ||     7
       Conjure Flame     |     4 |     1 ||     5
  Use: Scroll            |       |     6 ||     6
 Stab: Sleeping          |     5 |       ||     5
  Eat: Chunk             |     2 |     2 ||     4
Armor: Robe              |     2 |     3 ||     5
Dodge: Dodged            |    27 |    22 ||    49
